 Dungeon Crawl Stone Soup version 0.31-a0-750-gfe7b580527 (webtiles) character file.

Game seed: 10434146549644545208

4495 IdlyInterested the Trooper (level 10, -11/71 HPs)
             Began as a Demonspawn Fighter on Sept 14, 2023.
             Was a Follower of Hepliaklqana.
             Killed from afar by an electric eel (16 damage)
             ... with a bolt of electricity
             ... on level 8 of the Dungeon.
             The game lasted 00:32:23 (9129 turns).

IdlyInterested the Trooper (Demonspawn Fighter)     Turns: 9129, Time: 00:32:27

Health: -11/71     AC:  4    Str: 16    XL:     10   Next: 16%
Magic:  0/14       EV: 15    Int: 10    God:    Hepliaklqana [*.....]
Gold:   387        SH: 17    Dex: 21    Spells: 9/9 levels left

rFire   . . .        F - +2 dagger (venom)
rCold   + . .        D - +2 tower shield
rNeg    . . .        z - +0 leather armour {Will+}
rPois   .            (no helmet)
rElec   .            (no cloak)
rCorr   .            g - +0 pair of gloves
SInv    .            (no boots)
Will    +....        (no amulet)
Stlth   ++++++       m - ring of protection from cold
HPRegen 0.31/turn    s - +5 ring of evasion
MPRegen 0.28/turn

%: guardian spirit
@: no status effects
A: reduced essence, thin skeletal structure 2, demonic guardian 2, magic shield,
magic regeneration
a: Renounce Religion, Recall Ancestor, Ancestor Identity


You were on level 8 of the Dungeon.
You worshipped Hepliaklqana.
Hepliaklqana was aware of your devotion.
You visited 2 branches of the dungeon, and saw 9 of its levels.
You also visited: Sewer.

You collected 459 gold pieces.
You spent 72 gold pieces at shops.

Inventory:

Hand Weapons
 a - a +0 rapier
 q - a +0 dagger of electrocution
 u - a +1 dagger of freezing
 E - a +0 scimitar
 F - a +2 dagger of venom (weapon)
Missiles
 f - 39 stones (quivered)
 w - 9 boomerangs
 C - 5 atropa-tipped darts
 K - 4 poisoned darts
 M - 2 throwing nets
Armour
 c - a +1 buckler
 g - a +0 pair of gloves (worn)
 z - a +0 leather armour of willpower (worn)
 B - an orb of guile
 D - a +2 tower shield (worn)
Jewellery
 k - a +6 ring of strength
 m - a ring of protection from cold (left hand)
 s - a +5 ring of evasion (right hand)
 H - a ring of willpower
Talismans
 b - a maw talisman
Wands
 x - a wand of iceblast (8)
Scrolls
 e - 2 scrolls of teleportation
 j - a scroll of enchant weapon {unknown}
 o - a scroll of enchant armour
 r - a scroll of fear {unknown}
 t - a scroll of amnesia
 v - a scroll of poison {unknown}
 y - a scroll of silence
 A - a scroll of revelation
 J - a scroll of brand weapon {unknown}
 L - 2 scrolls of vulnerability {unknown}
Potions
 d - 4 potions of might
 h - a potion of enlightenment {unknown}
 i - 4 potions of mutation
 l - a potion of curing
 n - 2 potions of cancellation
 p - 3 potions of attraction
 G - a potion of haste
 N - a potion of brilliance {unknown}
 O - a potion of magic {unknown}


   Skills:
 - Level 7.0 Fighting
 - Level 7.0 Short Blades
 - Level 2.0 Throwing
 - Level 4.0 Armour
 - Level 4.0 Dodging
 * Level 6.7 Stealth
 - Level 4.0 Shields
 + Level 5.5 Invocations
 - Level 2.0 Evocations
 - Level 2.0 Shapeshifting


You had 9 spell levels left.
You didn't know any spells.
Your spell library contained the following spells:

 Spells                   Type           Power      Damage    Failure   Level
 Foxfire                  Conj/Fire      0%         2x1d4     99%         1
 Sandblast                Erth           0%         2d4       99%         1
 Passwall                 Tmut/Erth      0%         N/A       100%        2
 Sublimation of Blood     Necr           0%         N/A       100%        2
 Wereblood                Tmut           0%         N/A       100%        2
 Stone Arrow              Conj/Erth      0%         3d7       100%        3
 Plasma Beam              Fire/Air       0%         2x1d10    100%        6
 Starburst                Conj/Fire      0%         6d3       100%        6
 Summon Hydra             Summ           0%         N/A       100%        7


Dungeon Overview and Level Annotations

Branches:
Dungeon (8/15)             Temple (1/1) D:7           Sewer (visited)
   Lair: D:8-11

Altars:
Ashenzari
Cheibriados
Dithmenos
Fedhas
Gozag
Hepliaklqana
Kikubaaqudgha
Makhleb
Nemelex Xobeh
Okawaru
Qazlal
Ru
Sif Muna
Trog
Uskayaw
Vehumet
Wu Jian
Xom
Yredelemnul

Shops:
D:8 *


Innate Abilities, Weirdness & Mutations

Your life essence is reduced to manifest your ancestor. (-10% HP)
You have a moderately thin skeletal structure. (Dex +4, Stealth++)
A demonic guardian rushes to your aid.
When hurt, damage is shared between your health and your magic reserves.
You regenerate magic rapidly.


Message History

An electric eel comes into view.
The electric eel shoots out a bolt of lightning at you!
The bolt of electricity misses you.
The bolt of electricity hits Tawil!
An electric eel comes into view.
The electric eel shoots out a bolt of lightning at you!
The bolt of electricity hits you!
You closely miss the electric eel.
The electric eel shoots out a bolt of lightning at you!
The bolt of electricity hits you! x2
The bolt of electricity hits the electric eel.
The electric eel completely resists.
You puncture the electric eel!
The electric eel is poisoned.
The electric eel is moderately wounded.
The electric eel shoots out a bolt of lightning at you!
The bolt of electricity hits you! x2
The bolt of electricity misses the electric eel.
The electric eel shoots out a bolt of lightning at you!
The bolt of electricity hits you!
Tawil completely misses the electric eel.
Okay, then.
Throw: dart (curare)
Press: ? - help, Shift-Dir - straight line, f - electric eel
Aim: an electric eel (48% to hit)
You throw a curare-tipped dart.
The curare-tipped dart barely misses the electric eel.
You hear a splash.
The electric eel shoots out a bolt of lightning at you!
The bolt of electricity hits you!
* * * LOW HITPOINT WARNING * * *
The electric eel shoots out a bolt of lightning at you!
The bolt of electricity hits you!
* * * LOW HITPOINT WARNING * * *
The bolt of electricity hits you!
* * * LOW HITPOINT WARNING * * *
A demonic guardian appears!
The bolt of electricity hits the electric eel.
The electric eel completely resists.
Tawil barely misses the electric eel.
The electric eel shoots out a bolt of lightning at you!
The bolt of electricity misses you. The bolt of electricity hits you!
You die...

### #..∩..#.......####.....# ..##
##.....#.........##.##.# #..###
#......####......##.##.# .....#
#.#..### #..~~~....##.###
.....###.#∩######..~~≈~.....)[...
........)......#...~~.~≈.####))..
.....).........#...~.~~(.......).
####....)......#..~~.S≈~.###.....
#............@~~...~~.....#.#.
#...........#RS4...~~..#..#...
#...........#.~~.∩..~.%#..#.§.
#...........#.~~...~~ ...#.§§
#...........#.~~...~≈ ..#.....
#...........#.~..∩.~~ ##...
######..#####.~~...~. ##.#
#..~~....


You could see the friendly Tawil the ancestor, 2 electric eels and a friendly
ice devil (summoned).

Vanquished Creatures
  Grinder (D:5)
  A yak (D:8)
  Menkaure (D:4)
  A steam dragon (D:7)
  A water moccasin (D:7)
  An orc warrior (D:8)
  A hornet zombie (D:7)
  2 ice beasts
  An ogre (D:5)
  2 centaurs (D:6)
  A phantom (D:7)
  2 kobold brigands (D:7)
  4 bullfrogs
  2 wyvern zombies (D:7)
  A gnoll sergeant (D:8)
  2 scorpions
  A water moccasin zombie (D:7)
  3 wights (D:7)
  3 killer bees (D:7)
  2 electric eels (D:8)
  A centaur zombie (D:7)
  5 hounds
  A jelly (D:7)
  3 orc priests
  2 iguanas
  3 orc wizards
  A killer bee zombie (D:7)
  2 gnolls
  19 adders
  6 river rats (Sewer)
  5 white imps
  4 ufetubi
  A worm (D:4)
  4 dart slugs
  17 orcs
  20 ball pythons
  11 endoplasms
  5 giant cockroaches
  9 hobgoblins
  11 jackals
  10 kobolds
  6 quokkas
  3 bats
  4 frilled lizards
  15 goblins
  24 rats
  A spectral goblin (D:2)
226 creatures vanquished.

Vanquished Creatures (collateral kills)
  The ghost of hgbash the Ruffian, a novice DrSh (D:6)
  A polar bear (D:8)
  An orc warrior (D:8)
  An ice beast (D:8)
  A wyvern zombie (D:7)
  A scorpion (D:5)
  2 wights (D:7)
  A centaur zombie (D:7)
  An orc priest (D:3)
  An orc wizard (D:5)
  4 gnolls (D:8)
  2 white imps
  A howler monkey simulacrum (D:8)
  2 orcs (D:8)
  A quokka (D:5)
21 creatures vanquished.

Vanquished Creatures (others)
  An ancestor (D:8)
  A howler monkey simulacrum (D:8)
  An orc (D:7)
3 creatures vanquished.

Grand Total: 250 creatures vanquished

Notes
Turn   | Place    | Note
-------+----------+-------------------------------------------
     0 | D:1      | IdlyInterested the Demonspawn Fighter began the quest for
                  | the Orb.
     0 | D:1      | Reached XP level 1. HP: 18/18 MP: 1/1
   204 | D:1      | Gained mutation: You have a somewhat thin skeletal
                  | structure. (Dex +2, Stealth+) [demonic ancestry]
   204 | D:1      | Reached XP level 2. HP: 24/24 MP: 2/2
   310 | D:1      | Reached skill level 1 in Throwing
   467 | D:1      | Reached XP level 3. HP: 28/29 MP: 3/3
   522 | D:1      | Reached skill level 1 in Dodging
   541 | D:1      | HP: 1/29 [goblin/+0 club (4)]
  1072 | D:2      | HP: 1/30 [adder (3)]
  1077 | D:2      | Gained mutation: A weak demonic guardian rushes to your
                  | aid. [demonic ancestry]
  1077 | D:2      | Reached XP level 4. HP: 28/37 MP: 4/4
  1391 | D:2      | Found a faded altar of an unknown god.
  2206 | D:3      | Reached XP level 5. HP: 35/42 MP: 5/5
  2218 | D:3      | Reached skill level 1 in Stealth
  2807 | D:4      | Noticed Menkaure
  2817 | D:4      | Killed Menkaure
  2818 | D:4      | Gained mutation: A demonic guardian rushes to your aid.
                  | [demonic ancestry]
  2818 | D:4      | Reached XP level 6. HP: 47/50 MP: 6/6
  3538 | D:5      | Entered Level 5 of the Dungeon
  3555 | D:4      | Reached skill level 5 in Fighting
  3579 | D:5      | Reached skill level 1 in Shapeshifting
  3614 | D:5      | Found an iron altar of Okawaru.
  3621 | D:5      | Noticed an ice beast
  3634 | D:5      | Killed an ice beast
  3635 | D:5      | Reached skill level 1 in Evocations
  3635 | D:5      | Gained mutation: You regenerate magic rapidly. [demonic
                  | ancestry]
  3635 | D:5      | Reached XP level 7. HP: 27/56 MP: 7/7
  3850 | D:5      | Noticed Grinder
  3859 | D:5      | Reached skill level 1 in Invocations
  3891 | D:5      | Killed Grinder
  4530 | D:5      | Reached skill level 5 in Short Blades
  4530 | D:5      | Gained mutation: You have a moderately thin skeletal
                  | structure. (Dex +4, Stealth++) [demonic ancestry]
  4530 | D:5      | Reached XP level 8. HP: 62/62 MP: 8/8
  4860 | D:6      | Found a large runed translucent door.
  4860 | D:6      | Found a large runed translucent door.
  4942 | D:6      | Found a glowing drain.
  4964 | Sewer    | Entered a sewer
  5303 | Sewer    | Reached skill level 5 in Stealth
  5625 | D:6      | Found a hazy altar of Hepliaklqana.
  5628 | D:6      | Became a worshipper of Hepliaklqana the Forgotten
  6064 | D:6      | Noticed hgbash's ghost (novice DrSh)
  6276 | D:6      | Killed hgbash's ghost
  6277 | D:6      | Gained mutation: When hurt, damage is shared between your
                  | health and your magic reserves. [demonic ancestry]
  6277 | D:6      | Reached XP level 9. HP: 9/69 MP: 10/12
  7204 | D:7      | Found a basalt altar of Yredelemnul.
  7778 | D:7      | Found a staircase to the Ecumenical Temple.
  7787 | Temple   | Entered the Ecumenical Temple
  7843 | D:7      | Found a blossoming altar of Fedhas.
  7844 | D:7      | Found a bloodstained altar of Trog.
  8517 | D:8      | Noticed a polar bear
  8530 | D:8      | HP: 2/72 [howler monkey simulacrum (7)]
  8531 | D:8      | Killed a polar bear
  8773 | D:8      | Reached * piety under Hepliaklqana
  8803 | D:8      | Reached XP level 10. HP: 14/71 MP: 3/13
  9002 | D:8      | Reached skill level 5 in Invocations
  9076 | D:8      | Found Daecsulu's Assorted Antiques.
  9120 | D:8      | Bought a scroll labelled VAF MUOGIMUGAE for 26 gold pieces
  9120 | D:8      | Bought a fizzy dark potion for 23 gold pieces
  9120 | D:8      | Bought a fizzy coppery potion for 23 gold pieces
  9129 | D:8      | Killed from afar by an electric eel

Illustrated notes

Levels and vault maps discovered:
D:1:      scummos_arrival_star, layout_loops_cross, minmay_pentomino_x4
D:2:      layout_basic, dreamdust_ecumenical_altar_drowned_temple
D:3:      layout_loops_ring
D:4:      layout_loops_ring, uniq_menkaure
D:5:      layout_basic, mainiacjoe_overflow_paths, minmay_ogre_servants,
          uniq_grinder
D:6:      layout_gridville, kennysheep_mini_moat, lemuel_tele_altar,
          ebering_ghost_disaster_area, gup_sewer_entry_glass
D:7:      layout_basic, nicolae_yredelemnul_corpse_copse,
          gammafunk_temple_overflow_claw, minmay_temple_entry_overgrown
D:8:      layout_basic, serial_ice, serial_ice_i, serial_ice_d, serial_ice_h,
          serial_ice_m, serial_ice_a, serial_ice_f, serial_ice_o, serial_ice_e,
          serial_ice_n, serial_ice_g, serial_shops, shop,
          chequers_serial_rivers_micro_b, nicolae_nh_ransacked_shop
Temple:   nicolae_temple_bog_church

Skill      XL: |  1  2  3  4  5  6  7  8  9 10 |
---------------+-------------------------------+-----
Armour         | 3 4 |  4.0
Throwing       | 1 2 |  2.0
Dodging        | 2 3 4 |  4.0
Fighting       | 4 5 6 7 |  7.0
Stealth        | 2 3 5 6 |  6.7
Shapeshifting  | 1 2 |  2.0
Short Blades   | 3 5 7 |  7.0
Evocations     | 1 2 |  2.0
Invocations    | 1 4 5 |  5.5
Shields        | 4 |  4.0

Action                     |  1- 3 |  4- 6 |  7- 9 | 10-12 || total
---------------------------+-------+-------+-------+-------++-------
  Melee: Rapier            |   160 |    85 |       |       ||   245
         Dagger            |       |   157 |   495 |    39 ||   691
  Throw: Stone             |     2 |       |     7 |       ||     9
         Dart              |       |       |       |     1 ||     1
    Use: Scroll            |     2 |     5 |     7 |       ||    14
         Potion            |     2 |     1 |     5 |       ||     8
   Stab: Sleeping          |     1 |     5 |    17 |     3 ||    26
         Distracted        |       |     1 |       |     1 ||     2
 Armour: Scale mail        |   115 |    20 |       |       ||   135
         Chain mail        |       |    24 |       |       ||    24
         Ring mail         |       |    30 |       |       ||    30
         Leather armour    |       |       |   205 |    16 ||   221
  Dodge: Dodged            |    70 |   123 |   312 |    13 ||   518
  Block: Buckler           |    34 |    56 |    12 |       ||   102
         Tower shield      |       |       |   444 |    16 ||   460

Table legend: (Time is in decaauts)
 A = Elapsed time spent in this place.
 B = Non-inter-level travel time spent in this place.
 C = Inter-level travel time spent in this place.
 D = Time resting spent in this place.
 E = Time spent auto-exploring this place.
 F = Levels seen in this place.
 G = Mean time per level.
                   A        B        C        D        E       F      G
               +--------+--------+--------+--------+--------+-----+--------+
         Total |   9253 |   8091 |   1162 |   1653 |   3845 |  10 |  925.3 |
       Dungeon |   8661 |   7499 |   1162 |   1441 |   3788 |   8 | 1082.6 |
        Temple |      1 |      1 |      0 |      0 |      0 |   1 |    1.0 |
         Sewer |    590 |    590 |      0 |    212 |     57 |   1 |  590.0 |
               +--------+--------+--------+--------+--------+-----+--------+

Top non-repeatable levels by time:
     D:7: 1971 daAuts
     D:6: 1379 daAuts
     D:5: 1086 daAuts
     D:1: 993 daAuts
     D:2: 968 daAuts
     D:4: 907 daAuts
     D:3: 835 daAuts
   Sewer: 590 daAuts
     D:8: 519 daAuts
  Temple: 1 daAuts
